Map: Dusk Towers

Players

BlackTesla

  • Race: Protoss Protoss
  • League: Diamond

TTS - Winner!

  • Race: Protoss Protoss
  • League: Diamond

VOD

Have the link to the VOD?

Description

Time

  • Played on: Feb. 24, 2016, 2:32 a.m.
  • Length: 6:39
Show
View Real Time Build Order
Export as new Build Order

BlackTesla Protoss 

Build Orders:  

Get SALT Encoding   

  12  0:01  Probe (Chrono Boost)  
  13  0:11  Probe (Chrono Boost)  
  14  0:17  Pylon  
  14  0:22  Probe (Chrono Boost)  
  15  0:35  Gateway  
  15  0:39  Assimilator  
  15  0:44  Probe (Chrono Boost)  
  16  0:54  Probe (Chrono Boost)  
  16  0:55  Pylon  
  17  1:05  Probe (Chrono Boost)  
  18  1:11  Assimilator  
  18  1:15  Probe (Chrono Boost)  
  19  1:23  Cybernetics Core  
  19  1:53  Nexus  
  18  1:59  Warp Gate  
  18  2:01  Adept (Chrono Boost)  
  20  2:04  Probe  
  21  2:19  Robotics Facility  
  21  2:26  Probe  
  22  2:36  Stalker (Chrono Boost)  
  24  2:38  Probe  
  25  2:51  Probe  
  26  2:57  Gateway  
  26  2:59  Pylon  
  26  3:15  Immortal (Chrono Boost)  
  26  3:16  Probe  
  26  3:17  Probe  
  30  3:29  Pylon  
  30  3:35  Probe  
  30  3:40  Mothership Core  
  32  3:46  Probe  
  33  3:51  Gateway  
  33  4:00  Warp Prism (Chrono Boost)  
  33  4:01  Probe  
  36  4:12  Assimilator  
  36  4:13  Probe  
  35  4:18  Adept x2  
  36  4:34  Probe  
  37  4:44  Probe  
  38  4:54  Probe  
  38  4:55  Gateway, Probe  
  37  5:00  Stalker  
  28  5:20  Probe  
  29  5:29  Probe  
  29  5:30  Probe  
  31  5:41  Probe  
  32  5:53  Stalker x2  
  35  6:00  Sentry  
Show
View Real Time Build Order
Export as new Build Order

TTS Protoss - Winner!

Build Orders:  

Get SALT Encoding   

  12  0:02  Probe (Chrono Boost)  
  13  0:12  Probe (Chrono Boost)  
  14  0:17  Pylon  
  14  0:25  Probe (Chrono Boost)  
  15  0:38  Gateway, Probe (Chrono Boost)  
  16  0:43  Assimilator  
  16  0:49  Probe (Chrono Boost)  
  17  0:59  Probe (Chrono Boost)  
  18  1:09  Gateway  
  18  1:10  Probe (Chrono Boost)  
  19  1:20  Probe (Chrono Boost)  
  19  1:24  Cybernetics Core  
  20  1:31  Probe (Chrono Boost)  
  21  1:41  Probe (Chrono Boost)  
  22  1:59  Nexus  
  22  2:09  Pylon  
  22  2:11  Probe  
  22  2:15  Warp Gate  
  23  2:23  Assimilator  
  23  2:27  Probe  
  23  2:28  Adept (Chrono Boost)  
  28  2:31  Adept (Chrono Boost)  
  28  2:37  Pylon  
  29  2:45  Pylon  
  29  2:47  Mothership Core  
  30  3:08  Probe  
  30  3:12  Probe  
  31  3:16  Stargate  
  32  3:20  Probe  
  32  3:23  Probe  
  34  3:30  Assimilator  
  34  3:33  Probe x2  
  35  3:34  Assimilator  
  36  3:44  Probe  
  36  3:45  Probe  
  38  3:54  Probe  
  38  3:56  Assimilator  
  38  3:57  Probe  
  38  4:01  Oracle (Chrono Boost)  
  43  4:05  Probe  
  43  4:09  Probe  
  45  4:15  Probe  
  45  4:21  Probe  
  47  4:26  Probe  
  48  4:33  Probe  
  48  4:37  Probe  
  50  4:39  Robotics Facility  
  50  4:41  Twilight Council  
  50  4:43  Gateway  
  50  4:45  Probe  
  51  4:47  Probe  
  51  4:48  Pylon  
  51  4:51  Pylon  
  50  4:55  Oracle (Chrono Boost)  
  50  4:57  Probe  
  54  5:04  Probe  
  55  5:09  Probe  
  54  5:15  Gateway, Probe  
  54  5:17  Gateway  
  54  5:18  Pylon  
  54  5:20  Gateway  
  55  5:28  Observer (Chrono Boost)  
  56  5:37  Pylon  
  56  5:41  Pylon  
  56  5:46  Stalker x3  
  56  5:48  Warp Prism (Chrono Boost)  
  64  6:13  Stalker x2  
  64  6:14  Stalker  
  70  6:25  Stalker  
  74  6:26  Stalker x2  
Tags
 
Add a new tag
Caveats
  • Supply blocks, unpowered buildings, or Contaminate may cause inaccurate times.
  • Supply counts are checked every 10 seconds.